 Dungeon Crawl Stone Soup version 0.25.1-2-g60ff931df9 (webtiles) character file.

Game seed: 15064540163487353945

172 DearestLeader the Conjurer (level 5, -7/28 HPs)
             Began as a Deep Elf Conjurer on Sept 12, 2020.
             Hit by a boomerang thrown by an orc warrior (22 damage)
             ... on level 4 of the Dungeon.
             The game lasted 00:07:28 (3494 turns).

DearestLeader the Conjurer (Deep Elf Conjurer)      Turns: 3494, Time: 00:07:29

Health: -7/28      AC:  2    Str:  5    XL:     5   Next: 27%
Magic:  7/13       EV: 13    Int: 21    God:
Gold:   168        SH:  0    Dex: 15    Spells: 2/12 levels left

rFire    . . .     SeeInvis .   d - +0 dagger
rCold    . . .     Gourm    .   (no shield)
rNeg     + . .     Faith    .   a - +0 robe
rPois    .         Spirit   .   (no helmet)
rElec    .         Reflect  .   (no cloak)
rCorr    .         Harm     .   (no gloves)
MR       +....                  (no boots)
Stlth    ++........             (no amulet)
HPRegen  0.09/turn              o - ring of positive energy
MPRegen  0.13/turn              r - ring of protection from magic

@: no status effects
A: no striking features
a: no special abilities


You were on level 4 of the Dungeon.
You were hungry.

You visited 1 branch of the dungeon, and saw 4 of its levels.

You collected 168 gold pieces.

Inventory:

Hand Weapons
 d - a +0 dagger (weapon)
Armour
 a - a +0 robe (worn)
Jewellery
 o - a ring of positive energy (left hand)
 r - a ring of protection from magic (right hand)
Wands
 q - a wand of flame (25)
Scrolls
 b - a scroll of identify {unknown}
 e - a scroll of fog {unknown}
 f - a scroll of remove curse
 g - a scroll of magic mapping {unknown}
 h - 2 scrolls of enchant weapon {unknown}
 k - a scroll of enchant armour {unknown}
 l - 2 scrolls of fear {unknown}
 p - a scroll of teleportation {unknown}
Potions
 i - a potion of brilliance {unknown}
 j - 2 potions of degeneration {unknown}
 m - a potion of stabbing {unknown}
 n - a potion of curing {unknown}
 s - 2 potions of heal wounds {unknown}
 t - a potion of flight {unknown}
Comestibles
 c - 8 rations


   Skills:
 - Level 2.4 Dodging
 - Level 2.4 Stealth
 - Level 4.0 Spellcasting
 * Level 6.9 Conjurations


You had 2 spell levels left.
You knew the following spells:

 Your Spells              Type           Power        Failure   Level  Hunger
a - Magic Dart            Conj           ####         1%          1    None
b - Searing Ray           Conj           ####..       1%          2    #......
c - Dazzling Flash        Conj/Hex       ###...       9%          3    ###....
d - Iskenderun's Mystic   Conj/Tloc      ###.....     28%         4    ####...

Your spell library contained the following spells:

 Spells                   Type           Power        Failure   Level  Hunger
 Fulminant Prism          Conj/Hex       ###.......   28%         4    ####...


Dungeon Overview and Level Annotations

Branches:
Dungeon (4/15)
 Temple: D:4-7

Altars:
Dithmenos
Hepliaklqana
Kikubaaqudgha
Qazlal


Message History

You butcher the orc corpse.
Items here: % ) [ รท a +0 flail; a +0 scale mail; 2 chunks of flesh; an orc skeleton
Casting: Magic Dart (safe; 1% risk of failure)
Confirm with . or Enter, or press ? or * to list all spells.
Aiming: Magic Dart (safe; 1% risk of failure)
Press: ? - help, Shift-Dir - straight line, f - orc warrior
Aim: an orc warrior, wielding a +0 dire flail, wearing a +0 plate armour and quivering 8 boomerangs (wandering, hasn't noticed you)
The magic dart hits the orc warrior.
The orc warrior is lightly wounded.
The orc warrior shouts!
The orc warrior throws a boomerang.
The boomerang barely misses you.
The weapon returns to the orc warrior!
The orc warrior throws a boomerang.
The boomerang hits you!
The weapon returns to the orc warrior!
The orc warrior throws a boomerang.
The boomerang hits you.
The weapon returns to the orc warrior!
The orc warrior throws a boomerang.
The boomerang hits you!!
Ouch! That really hurt!
You die...

###.[)##..#
##....o?..#
#####..#..#
#(.....#).###
#......#....#
#.....)#..#.#
#.........#..#
#........##
...## #......#@#
#..###
#......#.# #...#
#......#.#
##....
#....).#.#
#(..#####
#......#.#
##.......#
########.###...#
##.##..#.#
###..#..##.#
#......## .#


You could see an orc warrior.

Vanquished Creatures
  A jelly (D:2)
  A worker ant (D:4)
  3 adders
  2 oozes
  3 worms
  3 dart slugs
  6 leopard geckos
  3 orcs
  A ball python (D:2)
  5 bats
  2 giant cockroaches
  8 goblins
  4 hobgoblins
  A quokka (D:2)
  5 frilled lizards
  7 kobolds
  11 rats
66 creatures vanquished.

Notes
Turn   | Place    | Note
-------+----------+-------------------------------------------
     0 | D:1      | DearestLeader the Deep Elf Conjurer began the quest for the
                  | Orb.
     0 | D:1      | Reached XP level 1. HP: 10/10 MP: 6/6
   325 | D:1      | Reached XP level 2. HP: 15/15 MP: 0/8
   432 | D:1      | Reached skill level 5 in Conjurations
   678 | D:1      | Learned a level 2 spell: Searing Ray
   927 | D:1      | Reached XP level 3. HP: 19/19 MP: 5/9
  1343 | D:2      | Reached skill level 6 in Conjurations
  1348 | D:2      | Learned a level 3 spell: Dazzling Flash
  1393 | D:2      | Reached XP level 4. HP: 24/24 MP: 5/10
  1513 | D:2      | Found an ancient bone altar of Kikubaaqudgha.
  2523 | D:3      | Found a stormy altar of Qazlal.
  2544 | D:3      | Learned a level 4 spell: Iskenderun's Mystic Blast
  2905 | D:3      | Reached XP level 5. HP: 28/28 MP: 9/12
  2947 | D:3      | Found a hazy altar of Hepliaklqana.
  2948 | D:3      | Found a shadowy altar of Dithmenos.
  2952 | D:3      | Noticed a shadow
  3142 | D:4      | HP: 1/28 [poisoned by a worker ant]
  3485 | D:4      | Noticed an orc warrior
  3494 | D:4      | Hit by a boomerang thrown by an orc warrior

Illustrated notes

Levels and vault maps discovered:
D:1:      ncdulo_watergridlock, layout_basic
D:2:      layout_loops_cross, old_standard_altar, minmay_tetromino_i4
D:3:      layout_loops_ring, riverfiend_overflow_shadow_ancestor,
          nicolae_qazlal_general_emergency
D:4:      minmay_evil_eye, layout_rooms, nicolae_ru_the_path_less_chosen

Skill      XL: |  1  2  3  4  5 |
---------------+----------------+-----
Conjurations   | 5 6 |  6.9
Spellcasting   | 4 |  4.0
Dodging        | |  2.4
Stealth        | |  2.4

Action                   |  1- 3 |  4- 6 || total
-------------------------+-------+-------++-------
Melee: Unarmed           |     5 |       ||     5
       Dagger            |       |     1 ||     1
 Cast: Magic Dart        |    60 |    92 ||   152
  Use: Scroll            |       |     1 ||     1
  Eat: Chunk             |     1 |     6 ||     7
Armor: Robe              |       |     1 ||     1
Dodge: Dodged            |    11 |     9 ||    20
